 Dungeon Crawl Stone Soup version 0.18.1-5-g4a78601 (webtiles) character file.

24 M4edhros the Insei (level 3, -2/17 HPs)
             Began as a Vine Stalker Transmuter on May 10, 2016.
             Killed by nerve-wracking pain
             ... invoked by Jessica
              (4 damage)
             ... on level 2 of the Dungeon.
             The game lasted 00:02:33 (333 turns).

M4edhros the Insei (Vine Stalker Transmuter)         Turns: 333, Time: 00:02:34

Health: -2/17      AC:  2    Str: 13    XL:     3   Next: 2%
Magic:  0/7        EV: 12    Int: 13    God:
Gold:   12         SH:  0    Dex: 14    Spells: 1 memorised, 5 levels left

rFire  . . .     SeeInvis .       - Unarmed
rCold  . . .     Gourm    .     b - +0 robe
rNeg   . . .     Faith    .     (no shield)
rPois  .         Spirit   +     (no helmet)
rElec  .         Dismiss  .     (no cloak)
rCorr  .         Reflect  .     (no gloves)
SustAt .         Harm     .     (boots currently unavailable)
MR     .....                    (no amulet)
Stlth  +.........               (no ring)
                                (no ring)

@: appendage (expiring), not resistant to hostile enchantments, very unstealthy
A: fangs 2, talons 3, regeneration 1, magic shield, antimagic bite, no device
heal 3, rot immunity
a: End Transformation


You were on level 2 of the Dungeon.
You were not hungry.
You had grown temporary talons.
You visited 1 branch of the dungeon, and saw 2 of its levels.

You collected 12 gold pieces.

Inventory:

Missiles
 a - 33 arrows
Armour
 b - a +0 robe (worn)
Books
 c - a book of Changes

   Spells                             Type                      Level
   a - Beastly Appendage              Transmutation                1
   b - Sticks to Snakes               Transmutation                2
   c - Spider Form                    Transmutation/Poison         3
   d - Ice Form                       Ice/Transmutation            4
   e - Blade Hands                    Transmutation                5
Comestibles
 d - 2 bread rations
 f - a chunk of flesh


   Skills:
 - Level 0.8 Fighting
 - Level 1.5 Dodging
 + Level 4.1 Unarmed Combat
 - Level 2.1 Spellcasting
 - Level 2.0 Transmutations


You had 5 spell levels left.
You knew the following spells:

 Your Spells              Type           Power        Failure   Level  Hunger
a - Beastly Appendage     Trmt           #.....       12%         1    ##.....


Dungeon Overview and Level Annotations

Branches:
Dungeon (2/15)

Altars:
Gozag

Annotations:
D:2 Jessica


Innate Abilities, Weirdness & Mutations

You have extremely sharp teeth.
Your natural rate of healing is unusually fast.
When hurt, damage is shared between your health and your magic reserves.
Your bite disrupts and absorbs the magic of your enemies.
Potions and wands cannot restore your health.
You are immune to rotting.
You have claws for feet.


Message History

Your experience leads to an increase in your attributes!
Increase (S)trength, (I)ntelligence, or (D)exterity?
You feel stronger.
The jackal barely misses you. x2; The jackal closely misses you.
Unknown command.
You hit the jackal.
The jackal is moderately wounded.
The jackal misses you.
Jessica gestures wildly while chanting.
Jessica seems to speed up.
The jackal bites you but does no damage.
Unknown command.
Unknown command.
Unknown command.
You hit the jackal but do no damage. Your bite misses the jackal.
The jackal is moderately wounded.
The jackal misses you. The jackal bites you.
Jessica gestures at you while chanting. Pain shoots through your body!
You die...

#...#.#.#.#.#.##
#b#.<..........#
#.#.#.#.#.#.#.## .
#.#..........@.#
...#.###.#.#.#.#.##
..................#
.......#.#.#"#.#.##
S.....#.......bh†h#
.$$$.###.#.#.#?#@##
.$_$.##.#h.#######
.$$$......##
###..####### #..
#...####### #
#.........#
#########
#...#####.#
#.......# ##.##
#.####.#####.# #<#
#......#####.###


You could see Jessica, 2 jackals and a bat.

Vanquished Creatures
  An adder (D:2)
  An ooze (D:1)
  A dart slug (D:1)
  2 giant cockroaches (D:1)
  A goblin (D:2)
  2 jackals (D:2)
  A kobold (D:1)
9 creatures vanquished.

Notes
Turn   | Place    | Note
--------------------------------------------------------------
     0 | D:1      | M4edhros the Vine Stalker Transmuter began the quest for the Orb.
     0 | D:1      | Reached XP level 1. HP: 9/9 MP: 4/4
     2 | D:1      | Noticed an elf
     2 | D:1      | Noticed a naga
     4 | D:1      | Noticed a dwarf
     6 | D:1      | Noticed a demigod
     6 | D:1      | Noticed a halfling
     8 | D:1      | Noticed a formicid
     8 | D:1      | Noticed a merfolk
    10 | D:1      | Noticed a vine stalker
    10 | D:1      | Noticed a spriggan
    12 | D:1      | Noticed a vampire
    12 | D:1      | Noticed a centaur
    14 | D:1      | Noticed a demonspawn
    16 | D:1      | Noticed an octopode
    16 | D:1      | Noticed a human
    18 | D:1      | Noticed a minotaur
    18 | D:1      | Noticed a tengu
    20 | D:1      | Noticed a felid
    22 | D:1      | Noticed a ghoul
    22 | D:1      | Noticed an ogre
    24 | D:1      | Noticed a draconian
    26 | D:1      | Noticed a troll
    26 | D:1      | Noticed a gargoyle
   163 | D:1      | Reached XP level 2. HP: 14/14 MP: 6/6
   273 | D:2      | Reached skill level 4 in Unarmed Combat
   304 | D:2      | Found an opulent altar of Gozag.
   331 | D:2      | Noticed Jessica
   331 | D:2      | Reached XP level 3. HP: 1/17 MP: 2/7
   333 | D:2      | Killed from afar by Jessica

Skill      XL: |  1  2 |
---------------+-------+-----
Unarmed Combat | 4 |  4.1
Fighting       | |  0.8
Dodging        | |  1.5
Spellcasting   | |  2.1
Transmutations | |  2.0

Action                   || total
-------------------------++-------
Melee: Unarmed           ||    35
       Kick              ||     6
       Bite              ||     6
       Headbutt          ||     2
 Cast: Beastly Appendage ||     5
  Use: Scroll            ||     1
Armor: Robe              ||     9
Dodge: Dodged            ||    47
